Map: Submarino EE

Players

aldoit

  • Race: Terran Terran
  • Spawn Location: 5:00

MrFercho - Winner!

  • Race: Zerg Zerg
  • League: Silver
  • Spawn Location: 11:00

VOD

Have the link to the VOD?

Description

Time

  • Played on: July 4, 2020, 12:06 p.m.
  • Length: 9:34
Show
View Real Time Build Order
Export as new Build Order

aldoit Terran 

Build Orders:  

Get SALT Encoding   

  12  0:00  SCV  
  13  0:13  SCV  
  14  0:22  Supply Depot  
  14  0:25  SCV  
  15  0:44  SCV  
  15  0:46  Barracks  
  16  0:56  SCV  
  17  0:57  Refinery  
  17  1:08  SCV  
  18  1:20  SCV  
  19  1:33  Orbital Command  
  19  1:34  Supply Depot  
  19  1:44  Barracks Tech Lab  
  19  1:58  SCV  
  20  2:09  Command Center  
  20  2:10  SCV  
  20  2:12  Reaper  
  23  2:22  SCV  
  23  2:29  Stimpack  
  23  2:34  SCV  
  23  2:36  Refinery  
  24  2:47  SCV  
  25  2:56  Marine  
  26  2:59  SCV  
  27  3:11  SCV  
  28  3:14  Marine  
  29  3:23  Orbital Command  
  29  3:24  Supply Depot  
  29  3:25  SCV  
  30  3:32  Marine  
  31  3:37  SCV  
  32  3:43  Orbital Command  
  32  3:46  Supply Depot  
  32  3:49  SCV  
  32  3:50  Marine  
  34  4:01  SCV  
  35  4:07  Marine  
  36  4:13  SCV  
  36  4:15  SCV  
  37  4:25  SCV  
  37  4:27  SCV  
  37  4:30  Barracks  
  39  4:37  Combat Shield  
  39  4:39  SCV  
  40  4:47  Engineering Bay  
  40  4:51  SCV  
  41  4:54  Barracks  
  41  4:59  SCV  
  42  5:03  SCV  
  43  5:11  SCV  
  44  5:15  Engineering Bay, SCV  
  44  5:16  Terran Infantry Weapons Level 1  
  44  5:18  Barracks, Barracks Reactor  
  45  5:23  SCV  
  45  5:28  SCV  
  47  5:32  Supply Depot  
  47  5:35  SCV  
  48  5:36  Supply Depot  
  48  5:40  SCV  
  48  5:42  Terran Infantry Armor Level 1  
  49  5:43  Barracks  
  49  5:47  SCV  
  49  5:49  Barracks Reactor  
  50  5:54  Supply Depot  
  50  6:13  Barracks Reactor  
  50  6:18  Marine  
  50  6:19  Marine  
  52  6:33  Factory  
  52  6:36  Marine  
  52  6:37  Marine  
  54  6:46  SCV x2  
  56  6:54  Marine x2  
  56  6:58  SCV x2  
  56  7:00  Command Center  
  60  7:04  Refinery  
  60  7:05  Refinery  
  60  7:10  SCV x2  
  60  7:12  Marine x2  
  64  7:22  SCV  
  65  7:23  SCV  
  66  7:30  Armory  
  66  7:33  Marine  
  66  7:34  Marine x6, SCV  
  66  7:35  SCV  
  75  7:51  Marine  
  75  7:52  Marine x6  
  82  8:01  Starport  
  79  8:09  Marine x5  
  79  8:10  Marine x2  
  79  8:12  Factory Tech Lab  
  86  8:18  Armory  
  86  8:27  Marine x6  
  86  8:34  Barracks Reactor  
  92  8:39  Starport  
  81  8:44  Marine  
  81  8:45  Marine x5  
  81  8:48  Hellion  
  67  9:02  Marine  
  55  9:03  Marine x5  
  55  9:09  Hellion  
Show
View Real Time Build Order
Export as new Build Order

MrFercho Zerg - Winner!

Build Orders: Hatch First 

Get SALT Encoding   

  12  0:01  Drone  
  13  0:14  Overlord  
  13  0:17  Drone  
  14  0:33  Drone x2  
  16  0:52  Hatchery, Drone  
  16  1:08  Spawning Pool  
  16  1:10  Drone  
  16  1:14  Drone  
  16  1:17  Drone  
  18  1:21  Drone  
  19  1:28  Extractor  
  19  1:32  Drone  
  19  1:43  Drone  
  20  1:55  Overlord  
  20  2:00  Queen  
  22  2:04  Queen  
  22  2:05  Overlord  
  22  2:06  Drone  
  25  2:15  Drone  
  25  2:16  Drone  
  27  2:26  Drone x2  
  29  2:41  Lair  
  29  2:55  Drone x4  
  33  3:11  Zergling x4  
  35  3:14  Drone x6  
  35  3:15  Drone x2  
  43  3:22  Extractor  
  43  3:23  Overlord  
  43  3:25  Extractor, Drone  
  42  3:40  Roach Warren  
  41  3:42  Drone x2  
  41  3:43  Evolution Chamber  
  41  4:21  Roach x5  
  51  4:24  Overlord x2  
  51  4:25  Overlord x3  
  51  4:27  Drone  
  52  4:42  Queen  
  52  4:44  Drone x5  
  59  4:47  Glial Reconstitution, Zerg Missile Weapons Level 1  
  59  4:52  Drone x2  
  61  4:53  Hydralisk Den  
  60  5:04  Drone x3  
  60  5:05  Drone x2  
  65  5:13  Roach  
  65  5:14  Roach x3  
  73  5:19  Hatchery  
  72  5:26  Drone x2  
  74  5:39  Drone x7  
  81  5:43  Overlord x2  
  81  5:45  Extractor  
  81  5:47  Extractor  
  79  5:58  Grooved Spines  
  79  6:02  Drone x2  
  79  6:03  Lurker Den  
  80  6:20  Hydralisk x7  
  94  6:31  Hydralisk x2  
  98  6:32  Overlord  
  98  6:33  Overlord  
  98  6:41  Drone x2  
  98  6:42  Drone  
  98  6:45  Overlord  
  101  6:48  Overlord x3  
  101  6:59  Extractor  
  101  7:01  Drone x3  
  103  7:05  Hatchery  
  103  7:06  Hydralisk  
  103  7:07  Hydralisk x2  
  108  7:09  Muscular Augments  
  108  7:15  Zerg Missile Weapons Level 2  
  108  7:21  Evolution Chamber  
  107  7:34  Lurker x2  
  109  7:38  Hydralisk x2  
  113  7:48  Drone x9  
  116  8:46  Hydralisk  
  116  8:47  Hydralisk x15  
Tags
 
League
Silver
Matchup
TvZ
Replay Pack
MrFercho
Spawn Locations
Cross Positions
Add a new tag
Caveats
  • Supply blocks, unpowered buildings, or Contaminate may cause inaccurate times.
  • Supply counts are checked every 10 seconds.